 Dungeon Crawl Stone Soup version 0.18-a0-1702-gd20c6a5 (webtiles) character file.

5911 Duffy the Basher (level 11, 78/78 HPs)
             Began as a Formicid Wanderer on Apr 7, 2016.
             Was an Elder of Cheibriados.
             Quit the game on level 11 of the Dungeon.
             The game lasted 00:12:38 (12275 turns).

Duffy the Basher (Formicid Wanderer)               Turns: 12275, Time: 00:12:38

Health: 78/78      AC:  9    Str: 26    XL:     11   Next: 8%
Magic:  11/11      EV:  7    Int: 28    God:    Cheibriados [****..]
Gold:   550        SH:  6    Dex: 23    Spells: 0 memorised, 10 levels left

rFire  + . .     SeeInvis +     u - +1 great mace (holy)
rCold  . . .     Gourm    .     J - +0 plate armour
rNeg   . . .     Faith    .     G - +0 buckler
rPois  .         Spirit   .     (helmet unavailable)
rElec  +         Dismiss  .     E - -6 cloak of Guwock {rElec Int+4 Stlth+} (curse)
rCorr  .         Reflect  .     (no gloves)
SustAt .         Harm     +     (no boots)
MR     +....     Clarity  +     B - amulet of harm
Stlth  ..........               l - ring of protection from fire
                                (no ring)

@: very slow, somewhat resistant to hostile enchantments, extremely unstealthy
A: permanent stasis, dig shafts and tunnels, four strong arms, antennae 3,
clarity, clever 2, frail 1, regeneration 1
a: Dig, Shaft Self, Bend Time, Temporal Distortion, Slouch, Renounce Religion


You were on level 11 of the Dungeon.
You worshipped Cheibriados.
Cheibriados was greatly pleased with you.
You were hungry.

You visited 2 branches of the dungeon, and saw 12 of its levels.

You collected 550 gold pieces.


Innate Abilities, Weirdness & Mutations

You are under a permanent stasis effect.
You can dig through walls and to a lower floor.
Your four strong arms can wield two-handed weapons with a shield.
You have a pair of large antennae on your head (SInv).
You possess an exceptional clarity of mind.
Your mind is very acute. (Int +4)
You are frail (-10% HP).
Your natural rate of healing is unusually fast.


   Skills:
 + Level 8.3 Fighting
 * Level 11.8 Maces & Flails
 * Level 8.6 Armour
 - Level 1.2 Stealth
 - Level 4.0 Shields
 - Level 1.1 Evocations


You had 10 spell levels left.
You didn't know any spells.

Inventory:

Hand Weapons
 c - a +0 executioner's axe
 u - a +1 great mace of holy wrath (weapon)
 D - a +0 arbalest
 F - a +1 whip of electrocution
Missiles
 h - 9 poisoned bolts
 i - 53 poisoned needles
 n - 57 sling bullets
 o - 4 tomahawks (quivered)
 C - 94 bolts
 M - 3 throwing nets
Armour
 E - the cursed -6 cloak of Guwock (worn) {rElec Int+4 Stlth+}

   It affects your intelligence (+4).
   It insulates you from electricity.
   It makes you more stealthy.
   It has a curse placed upon it.
 G - a +0 buckler (worn)
 J - a +0 plate armour (worn)
Jewellery
 l - a ring of protection from fire (right hand)
 q - an uncursed amulet of the gourmand
 B - an amulet of harm (around neck)
Wands
 y - a wand of lightning (12/15)
 z - a wand of slowing (22/48)
 A - a wand of digging (10/24)
 K - a wand of lightning (6/15)
Scrolls
 a - a scroll of identify
 e - a scroll of magic mapping
 f - 3 scrolls of amnesia
 s - a scroll of enchant armour
 t - a scroll of immolation
 x - 2 scrolls of recharging
 I - 2 scrolls of fog
 P - a scroll of remove curse
Potions
 b - 5 potions of curing
 g - 2 potions of might
 j - a potion of agility
 m - 3 potions of heal wounds
 v - a potion of haste
 w - 3 potions of lignification
 H - 2 potions of cure mutation
Comestibles
 d - 7 bread rations
 k - 4 meat rations
 p - 6 beef jerkies
 r - 3 fruits

Dungeon Overview and Level Annotations

Branches:
Dungeon (10/15)            Temple (1/1) D:7             Orc (0/2) D:9
   Lair: D:8-11

Altars:
Ashenzari
Cheibriados
Dithmenos
Elyvilon
Fedhas
Gozag
Kikubaaqudgha
Makhleb
Nemelex Xobeh
Okawaru
Pakellas
Qazlal
Ru
Sif Muna
Trog
Vehumet
Xom
Yredelemnul
Zin
The Shining One

Shops:
D:9 *


Message History

You feel weaker.
Eat which item? (? for menu, Esc to quit)
This meat tastes really weird.
Your thoughts seem clearer.
Eat which item? (? for menu, Esc to quit)
This meat tastes really weird.
You feel stronger.
A giant frog zombie comes into view.
A giant frog zombie is nearby!
Found a scroll of summoning and a crude cloak.
You bludgeon the giant frog zombie!!
The giant frog zombie convulses!!
You destroy the giant frog zombie!
Cheibriados appreciates the change of pace.
No target in view!
No target in view!
No target in view!
No target in view!
No target in view!
No target in view!
No target in view!
No target in view!
No target in view!
No target in view!
No target in view!
No target in view!
You see here a crude cloak.
E - a crude cloak Wear which item? (? for menu, Esc to quit)
You start putting on your armour.
You continue putting on your crude cloak. x4
You finish putting on the cursed -6 cloak of Guwock {rElec Int+4 Stlth+}.
Oops, that feels deathly cold.
Found 22 stones.
An orc warrior comes into view. It is wielding a mace.
Are you sure you want to abandon this character and quit the game? (Confirm with "yes".)

#.... .##..#..
........
........ #..#
.......# . #..
.......#####...
...
o.............(
.. #.@..# .#
#.##.# . #....#
# ##...# # ##
#.#.# ## ..+
#####...#
.###..#
#.......#
......#
#.##....+
##'####
#.##....####


You could see an orc warrior (wandering).

Action                   |  1- 3 |  4- 6 |  7- 9 | 10-12 || total
-------------------------+-------+-------+-------+-------++-------
Melee: Mace              |    69 |    82 |     8 |       ||   159
       Great mace        |       |       |   212 |   238 ||   450
       Whip              |       |       |   152 |       ||   152
 Abil: Dig               |     1 |     2 |     9 |     9 ||    21
       Shaft Self        |       |     1 |       |       ||     1
  Use: Scroll            |       |       |     9 |     6 ||    15
       Potion            |       |       |     1 |     3 ||     4
  Eat: Chunk             |     3 |     4 |    21 |    11 ||    39
       Beef jerky        |       |     2 |       |     2 ||     4

Notes
Turn   | Place    | Note
--------------------------------------------------------------
     0 | D:1      | Duffy the Formicid Wanderer began the quest for the Orb.
     0 | D:1      | Duffy set off with: a +2 mace, a potion of curing, a +0 ring mail, a bread ration
     0 | D:1      | Reached XP level 1. HP: 18/18 MP: 1/1
   121 | D:1      | Reached XP level 2. HP: 11/24 MP: 2/2
   948 | D:1      | Reached skill level 4 in Maces & Flails
   948 | D:1      | Reached XP level 3. HP: 29/29 MP: 3/3
  1628 | D:2      | Found an ancient bone altar of Kikubaaqudgha.
  1785 | D:2      | Found a shadowy altar of Dithmenos.
  1857 | D:2      | Found an oddly glowing altar of Pakellas.
  2169 | D:2      | Reached XP level 4. HP: 31/35 MP: 4/4
  2690 | D:3      | Reached skill level 5 in Maces & Flails
  3009 | D:3      | Reached XP level 5. HP: 40/41 MP: 5/5
  3040 | D:3      | Noticed namelastname112's ghost (weakling FeCj)
  3049 | D:3      | You fall through a shaft for 2 floors!
  3049 | D:5      | Entered Level 5 of the Dungeon
  3377 | D:5      | Noticed a centaur
  3390 | D:5      | Killed a centaur
  3390 | D:5      | Reached skill level 6 in Maces & Flails
  3390 | D:5      | Reached XP level 6. HP: 16/47 MP: 6/6
  3650 | D:5      | Reached skill level 7 in Maces & Flails
  3723 | D:5      | Found an iron altar of Okawaru.
  3742 | D:5      | Noticed an ice beast
  3762 | D:4      | Reached XP level 7. HP: 19/52 MP: 7/7
  4062 | D:3      | Killed namelastname112's ghost
  4495 | D:3      | Found a bloodstained altar of Trog.
  4495 | D:3      | Found a glowing golden altar of the Shining One.
  4976 | D:4      | Reached skill level 4 in Fighting
  5190 | D:4      | Found an iron altar of Okawaru.
  5595 | D:4      | Reached skill level 8 in Maces & Flails
  5809 | D:5      | Reached skill level 5 in Fighting
  5848 | D:5      | Reached XP level 8. HP: 57/62 MP: 8/8
  5925 | D:5      | Noticed Pikel
  5939 | D:5      | Killed Pikel
  5939 | D:5      | Reached skill level 6 in Fighting
  5939 | D:5      | Reached skill level 9 in Maces & Flails
  6346 | D:5      | Reached skill level 1 in Shields
  6755 | D:6      | Noticed Prince Ribbit
  6771 | D:5      | Reached skill level 2 in Shields
  7047 | D:5      | Reached XP level 9. HP: 64/71 MP: 9/9
  7106 | D:6      | Killed Prince Ribbit
  7106 | D:6      | Reached skill level 4 in Shields
  7347 | D:6      | Reached skill level 3 in Armour
  7711 | D:6      | Reached skill level 10 in Maces & Flails
  8677 | D:6      | Reached skill level 4 in Armour
  8887 | D:7      | Found a sacrificial altar of Ru.
  8903 | D:7      | Found a white marble altar of Elyvilon.
  8944 | D:7      | Found a stormy altar of Qazlal.
  9046 | D:7      | Reached skill level 7 in Fighting
  9416 | D:7      | Found a staircase to the Ecumenical Temple.
  9425 | Temple   | Entered the Ecumenical Temple
  9477 | Temple   | Became a worshipper of Cheibriados the Contemplative
  9495 | D:7      | Gained mutation: Your natural rate of healing is unusually fast. [potion of mutation]
  9495 | D:7      | Gained mutation: You have an increased reservoir of magic (+10% MP). [potion of mutation]
  9495 | D:7      | Gained mutation: Your mind is acute. (Int +2) [potion of mutation]
  9776 | D:8      | Reached skill level 5 in Armour
  9809 | D:8      | Reached XP level 10. HP: 78/79 MP: 11/11
 10382 | D:8      | Reached * piety under Cheibriados
 10416 | D:8      | Reached skill level 6 in Armour
 10737 | D:8      | Reached skill level 11 in Maces & Flails
 10931 | D:8      | You fall through a shaft for 2 floors!
 10931 | D:10     | Entered Level 10 of the Dungeon
 11021 | D:9      | Found a staircase to the Orcish Mines.
 11028 | D:9      | Reached ** piety under Cheibriados
 11066 | D:9      | Reached skill level 7 in Armour
 11311 | D:9      | Found a basalt altar of Yredelemnul.
 11860 | D:9      | Found Usoerch's General Store.
 11907 | D:10     | You fall through a shaft!
 11919 | D:11     | Noticed an efreet
 11925 | D:11     | Killed an efreet
 11925 | D:11     | Reached skill level 8 in Fighting
 12008 | D:11     | Reached skill level 8 in Armour
 12009 | D:11     | Reached *** piety under Cheibriados
 12095 | D:11     | Found a basalt altar of Yredelemnul.
 12128 | D:11     | Reached XP level 11. HP: 65/86 MP: 13/13
 12226 | D:11     | Reached **** piety under Cheibriados
 12235 | D:11     | Lost mutation: You have an increased reservoir of magic (+10% MP). [mutagenic meat]
 12236 | D:11     | Gained mutation: Your mind is very acute. (Int +4) [mutagenic meat]
 12237 | D:11     | Gained mutation: You are frail (-10% HP). [mutagenic meat]
 12238 | D:11     | Gained mutation: You are weak. (Str -2) [mutagenic meat]
 12239 | D:11     | Gained mutation: You possess an exceptional clarity of mind. [mutagenic meat]
 12240 | D:11     | Lost mutation: You are weak. (Str -2) [mutagenic meat]
 12257 | D:11     | Got a crude cloak
 12263 | D:11     | Identified the cursed -6 cloak of Guwock {rElec Int+4 Stlth+} (You found it on level 11 of the Dungeon)
 12275 | D:11     | Quit the game

Vault maps used:
D:1:      dpeg_arrival_tiny_d
D:2:      nicolae_dithmenos_shadow_blocks, old_standard_altar,
          grunt_pakellas_basics
D:3:      gammafunk_temple_overflow_statue
D:4:      okawaru_metal_pillars_1_2
D:5:      basic_altar, first_bread, uniq_pikel
D:6:      kennysheep_generic_room_11, uniq_prince_ribbit1
D:7:      nicolae_ru_awakened_eye, old_standard_altar,
          minmay_temple_entry_poolview, grunt_ogre_cave, elyvilon_altar_4
D:8:      wad_rectangle_vault
D:9:      lemuel_crystal_altar, orc_david_3, serial_shops, kennysheep_mini_moat,
          minmay_hedge_maze
D:10:     erik_lair_orcish_takeover, feat_on_display, uniq_harold, uniq_maud
D:11:     basic_altar
Temple:   nicolae_temple_x_marks_the_god

Vanquished Creatures
  Pikel
  An efreet Prince Ribbit
  2 hungry ghosts
  2 hippogriffs
  3 sky beasts
  A black bear
  2 orc warriors
  2 phantoms
  4 ogres
  4 centaurs
  A crocodile
  A giant frog
  A wyvern skeleton
  5 scorpions
  4 killer bees
  10 wights
  18 howler monkeys
  2 lava snakes
  2 jellies
  3 crimson imps
  A giant frog zombie
  4 hounds
  A quasit
  3 giant frog skeletons
  The ghost of namelastname112 the Conjurer, a weakling FeCj
  5 orc priests
  10 orc wizards
  2 centaur skeletons
  A gnoll shaman
  3 worker ants
  An iguana
  2 hound zombies
  A hound skeleton
  A howler monkey zombie
  14 gnolls
  A howler monkey skeleton
  14 adders
  A shadow imp
  An adder skeleton
  A worm
  A dart slug
  2 giant geckos
  26 orcs
  5 bats
  7 giant cockroaches
  4 goblins
  7 hobgoblins
  16 jackals
  A kobold
  5 quokkas
  2 ball pythons
  3 giant newts
  2 jackal skeletons
  2 quokka skeletons
  6 rats
  4 bushes
231 creatures vanquished.
